Map: Ruins of Endion

Players

Miszu

  • Race: Terran Terran
  • League: Master

IIIIIIIIIIII - Winner!

  • Race: Terran Terran
  • League: Master

VOD

Have the link to the VOD?

Description

Time

  • Played on: April 18, 2016, 7:37 a.m.
  • Length: 4:33
Show
View Real Time Build Order
Export as new Build Order

Miszu Terran 

Build Orders: 1/1/1, Liberator Opening 

Get SALT Encoding   

  12  0:01  SCV  
  13  0:13  SCV  
  14  0:18  Supply Depot  
  14  0:25  SCV  
  14  0:27  Refinery  
  15  0:39  SCV  
  16  0:45  Barracks  
  16  0:51  SCV  
  17  1:04  SCV  
  18  1:16  SCV  
  19  1:31  Orbital Command  
  19  1:33  Factory, Marine  
  19  1:38  Supply Depot  
  20  1:50  Marine  
  21  1:57  SCV  
  22  2:08  Marine  
  22  2:09  SCV  
  24  2:18  Starport, Hellion  
  24  2:20  Supply Depot  
  24  2:21  SCV  
  27  2:26  Marine  
  28  2:35  SCV  
  29  2:39  Hellion  
  29  2:42  Supply Depot  
  31  2:44  Marine  
  32  2:53  SCV  
  32  2:55  Medivac  
  32  2:57  Refinery  
  35  3:02  Marine, Hellion  
  35  3:05  SCV  
  39  3:06  Supply Depot  
  39  3:17  SCV  
  40  3:21  Barracks Reactor  
  40  3:27  Liberator  
  40  3:28  Supply Depot  
  40  3:29  SCV  
  41  3:39  Command Center  
  44  3:52  SCV  
  42  4:06  Marine x2  
  42  4:07  SCV  
  34  4:20  SCV  
  34  4:22  Command Center  
  35  4:33  Factory Tech Lab  
Show
View Real Time Build Order
Export as new Build Order

IIIIIIIIIIII Terran - Winner!

Build Orders:  

Get SALT Encoding   

  12  0:01  SCV  
  13  0:13  SCV  
  14  0:20  Supply Depot  
  14  0:25  SCV  
  15  0:41  SCV  
  16  0:42  Barracks  
  16  0:46  Refinery  
  16  0:53  SCV  
  17  1:05  SCV  
  18  1:18  SCV  
  19  1:34  Orbital Command  
  19  1:35  Barracks Reactor  
  19  1:44  Command Center  
  19  2:00  Supply Depot, SCV  
  20  2:06  Factory  
  20  2:12  Marine x2  
  22  2:17  SCV  
  23  2:24  Refinery  
  23  2:29  SCV  
  24  2:30  Marine x2  
  26  2:41  SCV  
  27  2:47  Marine  
  27  2:48  Marine  
  27  2:51  Starport  
  29  2:53  SCV  
  29  2:55  Factory Reactor  
  30  3:02  Orbital Command  
  30  3:06  SCV  
  30  3:07  Marine  
  30  3:11  Marine  
  33  3:18  SCV  
  34  3:28  Marine  
  34  3:29  Marine  
  36  3:36  Supply Depot, Medivac x2  
  36  3:40  Hellion  
  42  3:41  SCV  
  42  3:42  SCV  
  42  3:46  Marine x2  
  42  4:04  Marine  
  42  4:05  SCV  
  42  4:07  SCV  
  41  4:18  SCV, Factory Tech Lab  
  41  4:21  SCV  
  41  4:23  Barracks  
  44  4:26  Barracks  
Tags
 
Add a new tag
Caveats
  • Supply blocks, unpowered buildings, or Contaminate may cause inaccurate times.
  • Supply counts are checked every 10 seconds.